 Dungeon Crawl Stone Soup version 0.28.0 (webtiles) character file.

Game seed: 12285282362231965770

150 Sanktem7 the Conjurer (level 5, 0/37 HPs)
             Began as a Gnoll Conjurer on Feb 8, 2022.
             Killed by divine providence
             ... invoked by an orc priest
              (8 damage)
             ... on level 3 of the Dungeon.
             The game lasted 00:04:07 (2124 turns).

Sanktem7 the Conjurer (Gnoll Conjurer)              Turns: 2124, Time: 00:04:08

Health: 0/37       AC:  2    Str: 13    XL:     5   Next: 32%
Magic:  2/12       EV: 13    Int: 19    God:
Gold:   44         SH:  0    Dex: 10    Spells: 11/14 levels left

rFire   . . .      SeeInvis .   c - +0 hand axe (flame)
rCold   . . .      Faith    .   (no shield)
rNeg    . . .      Spirit   .   a - +0 robe
rPois   .          Reflect  .   (no helmet)
rElec   .          Harm     .   (no cloak)
rCorr   .          Rampage  .   (no gloves)
Will    .....                   (no boots)
Stlth   ++........              (no amulet)
HPRegen 0.12/turn               e - +6 ring of strength
MPRegen 0.13/turn               (no ring)

@: no status effects
A: fangs 1, strong nose, distributed training
a: no special abilities


You were on level 3 of the Dungeon.
You visited 1 branch of the dungeon, and saw 3 of its levels.

You collected 44 gold pieces.

Inventory:

Hand Weapons
 c - a +0 hand axe of flaming (weapon)
Armour
 a - a +0 robe (worn)
Jewellery
 e - a +6 ring of strength (left hand)
Potions
 f - a potion of attraction
 g - a potion of might {unknown}
 h - a potion of flight {unknown}
 i - a potion of brilliance {unknown}


   Skills:
 + Level 1.4 Fighting
 + Level 1.4 Short Blades
 + Level 1.4 Long Blades
 + Level 1.4 Axes
 + Level 1.4 Maces & Flails
 + Level 1.4 Polearms
 + Level 1.4 Staves
 + Level 1.4 Slings
 + Level 1.4 Bows
 + Level 1.4 Crossbows
 + Level 1.4 Throwing
 + Level 1.4 Armour
 + Level 4.7 Dodging
 + Level 4.4 Stealth
 + Level 1.4 Shields
 + Level 1.4 Unarmed Combat
 + Level 5.2 Spellcasting
 + Level 7.2 Conjurations
 + Level 1.1 Hexes
 + Level 1.1 Summonings
 + Level 1.1 Necromancy
 + Level 1.1 Translocations
 + Level 1.1 Transmutations
 + Level 1.1 Fire Magic
 + Level 1.1 Ice Magic
 + Level 1.1 Air Magic
 + Level 1.1 Earth Magic
 + Level 1.1 Poison Magic
 + Level 1.6 Invocations
 + Level 1.4 Evocations


You had 11 spell levels left.
You knew the following spells:

 Your Spells              Type           Power      Damage    Failure   Level
a - Magic Dart            Conj           100%       1d8       1%          1
b - Searing Ray           Conj           64%        2d6       1%          2

Your spell library contained the following spells:

 Spells                   Type           Power      Damage    Failure   Level
 Dazzling Flash           Conj/Hex       40%        N/A       7%          3
 Beastly Appendage        Tmut           18%        N/A       8%          1
 Sting                    Tmut/Pois      36%        1d4       8%          1
 Poisonous Vapours        Pois/Air       18%        N/A       12%         2
 Sublimation of Blood     Necr           9%         N/A       12%         2
 Wereblood                Tmut           9%         N/A       12%         2
 Spider Form              Tmut/Pois      9%         N/A       22%         3
 Fulminant Prism          Conj/Hex       10%        3d9       22%         4
 Iskenderun's Mystic Bla  Conj/Tloc      20%        2d6       22%         4
 Olgreb's Toxic Radiance  Pois           9%         N/A       58%         4
 Summon Hydra             Summ           4%         N/A       100%        7


Dungeon Overview and Level Annotations

Branches:
Dungeon (3/15)

Altars:
Makhleb


Innate Abilities, Weirdness & Mutations

You have very sharp teeth.
Your uncanny sense of smell can sniff out nearby items.
Your experience applies equally to all skills.


Message History

Aim: an orc priest, wielding a +0 club (heavily wounded, 100% to hit)
The magic dart hits the orc but does no damage.
An orc wizard comes into view. It is wielding a +0 dagger.
The orc priest invokes the aid of Beogh against you.
Beogh smites you!
Casting: Magic Dart (safe; 1% risk of failure)
Confirm with . or Enter, or press ? or * to list all spells.
Aiming: Magic Dart (safe; 1% risk of failure)
Press: ? - help, Shift-Dir - straight line, f/p - orc priest
Aim: an orc priest, wielding a +0 club (heavily wounded, 100% to hit)
The magic dart hits the orc but does no damage.
Casting: Magic Dart (safe; 1% risk of failure)
Confirm with . or Enter, or press ? or * to list all spells.
Aiming: Magic Dart (safe; 1% risk of failure)
Press: ? - help, Shift-Dir - straight line, f - orc
Aim: an orc, wielding a +0 short sword and wearing a +0 chain mail (100% to hit)
The magic dart hits the orc.
The orc is severely wounded.
Casting: Magic Dart (safe; 1% risk of failure)
Confirm with . or Enter, or press ? or * to list all spells.
Aiming: Searing Ray (safe; 1% risk of failure)
Press: ? - help, Shift-Dir - straight line, f/p - orc
Aim: an orc, wielding a +0 short sword and wearing a +0 chain mail (severely wounded, 86% to hit)
The searing ray hits the orc but does no damage.
The orc is severely wounded. (Press . to maintain the ray.)
The orc hits you with a +0 short sword.
The searing ray hits the orc.
You kill the orc!
The orc priest calls down the wrath of Beogh upon you.
Pain shoots through your body!
* * * LOW HITPOINT WARNING * * *
The searing ray hits the orc!
You kill the orc!
The searing ray hits the orc priest!
The orc priest is almost dead.
You finish channelling your searing ray.
The orc priest calls down the wrath of Beogh upon you.
Beogh smites you!
You die...

#.# #.# #<# # #.#
.# #.# ..# #.#
...# # #.# o...#
##.#.#.###.....#
∆#.......@o)..)..
#....#.#########
#..#.#.# ∆ #. #
#.. # ### ∆


You could see an orc priest and an orc wizard.

Vanquished Creatures
  An orc priest (D:3)
  Terence (D:2)
  A gnoll (D:1)
  4 adders (D:2)
  4 worms (D:2)
  A dart slug (D:1)
  2 orcs (D:3)
  3 ball pythons
  3 bats
  5 endoplasms
  3 giant cockroaches
  2 goblins
  2 hobgoblins (D:1)
  2 quokkas (D:1)
  4 kobolds
  2 rats (D:2)
40 creatures vanquished.

Notes
Turn   | Place    | Note
-------+----------+-------------------------------------------
     0 | D:1      | Sanktem7 the Gnoll Conjurer began the quest for the Orb.
     0 | D:1      | Reached XP level 1. HP: 13/13 MP: 6/6
    14 | D:1      | Found a faded altar of an unknown god.
   224 | D:1      | Reached XP level 2. HP: 19/19 MP: 5/7
   249 | D:1      | Learned a level 2 spell: Searing Ray
   640 | D:1      | Reached XP level 3. HP: 25/25 MP: 6/9
   673 | D:1      | Reached skill level 5 in Spellcasting
   937 | D:2      | Reached skill level 1 in Invocations
  1140 | D:2      | Noticed Terence
  1147 | D:2      | Killed Terence
  1148 | D:2      | Reached skill level 1 in Fighting
  1148 | D:2      | Reached skill level 1 in Short Blades
  1148 | D:2      | Reached skill level 1 in Long Blades
  1148 | D:2      | Reached skill level 1 in Axes
  1148 | D:2      | Reached skill level 1 in Maces & Flails
  1148 | D:2      | Reached skill level 1 in Polearms
  1148 | D:2      | Reached skill level 1 in Staves
  1148 | D:2      | Reached skill level 1 in Slings
  1148 | D:2      | Reached skill level 1 in Bows
  1148 | D:2      | Reached skill level 1 in Crossbows
  1148 | D:2      | Reached skill level 1 in Throwing
  1148 | D:2      | Reached skill level 1 in Armour
  1148 | D:2      | Reached skill level 1 in Shields
  1148 | D:2      | Reached skill level 1 in Unarmed Combat
  1148 | D:2      | Reached skill level 1 in Evocations
  1148 | D:2      | Reached XP level 4. HP: 9/32 MP: 1/11
  1392 | D:2      | Found a burning altar of Makhleb.
  1665 | D:2      | Reached skill level 1 in Hexes
  1665 | D:2      | Reached skill level 1 in Summonings
  1665 | D:2      | Reached skill level 1 in Necromancy
  1665 | D:2      | Reached skill level 1 in Translocations
  1665 | D:2      | Reached skill level 1 in Transmutations
  1665 | D:2      | Reached skill level 1 in Fire Magic
  1665 | D:2      | Reached skill level 1 in Ice Magic
  1665 | D:2      | Reached skill level 1 in Air Magic
  1665 | D:2      | Reached skill level 1 in Earth Magic
  1665 | D:2      | Reached skill level 1 in Poison Magic
  1987 | D:2      | Reached XP level 5. HP: 37/37 MP: 7/12
  2124 | D:3      | Killed from afar by an orc priest

Illustrated notes

Levels and vault maps discovered:
D:1:      pf_arrival_petrified_forest, layout_rooms,
          hellmonk_ecumenical_altar_inner_sanctum
D:2:      layout_rooms, basic_altar, uniq_terence
D:3:      layout_basic, lemuel_crystal_altar, minmay_joined_circles,
          uniq_sigmund

Skill      XL: |  1  2  3  4 |
---------------+-------------+-----
Spellcasting   | 5 |  5.2
Invocations    | 1 |  1.6
Fighting       | 1 |  1.4
Short Blades   | 1 |  1.4
Long Blades    | 1 |  1.4
Axes           | 1 |  1.4
Maces & Flails | 1 |  1.4
Polearms       | 1 |  1.4
Staves         | 1 |  1.4
Slings         | 1 |  1.4
Bows           | 1 |  1.4
Crossbows      | 1 |  1.4
Throwing       | 1 |  1.4
Armour         | 1 |  1.4
Shields        | 1 |  1.4
Unarmed Combat | 1 |  1.4
Evocations     | 1 |  1.4
Hexes          | 1 |  1.1
Summonings     | 1 |  1.1
Necromancy     | 1 |  1.1
Translocations | 1 |  1.1
Transmutations | 1 |  1.1
Fire Magic     | 1 |  1.1
Ice Magic      | 1 |  1.1
Air Magic      | 1 |  1.1
Earth Magic    | 1 |  1.1
Poison Magic   | 1 |  1.1
Dodging        | |  4.7
Stealth        | |  4.4
Conjurations   | |  7.2

Action                   |  1- 3 |  4- 6 || total
-------------------------+-------+-------++-------
Melee: Hand axe          |     3 |       ||     3
 Cast: Magic Dart        |    55 |    51 ||   106
       Searing Ray       |     2 |     1 ||     3
  Use: Scroll            |       |     2 ||     2
Armor: Robe              |     1 |       ||     1
Dodge: Dodged            |     3 |     1 ||     4
